 Dungeon Crawl Stone Soup version 0.23.2-40-g277498a001 (webtiles) character file.

Game seed: 12477691667161603011

2142 Clehvi the Magician (level 9, -5/66 HPs)
             Began as a Mummy Wizard on Oct 20, 2019.
             Was an Initiate of Gozag.
             Killed from afar by Harold (8 damage)
             ... with a harpoon shot
             ... on level 8 of the Dungeon.
             The game lasted 01:16:43 (13600 turns).

Clehvi the Magician (Mummy Wizard)                 Turns: 13600, Time: 01:16:44

Health: -5/66      AC: 11    Str: 10    XL:     9   Next: 9%
Magic:  3/19       EV: 10    Int: 21    God:    Gozag
Gold:   909        SH:  0    Dex: 10    Spells: 6/21 levels left

rFire    x . .     SeeInvis +   a - +0 dagger (drain)
rCold    + . .     Gourm    .   (no shield)
rNeg     + + +     Faith    .   B - +0 ring mail
rPois    ∞         Spirit   .   y - +1 helmet
rElec    .         Reflect  .   (no cloak)
rCorr    .         Harm     .   h - +0 pair of gloves
MR       +....                  C - +2 pair of boots
Stlth    +.........             (no amulet)
HPRegen  0.21/turn              k - ring of wizardry
MPRegen  0.16/turn              H - ring of see invisible

@: marked
A: no food or potions, fire vulnerability, cold resistance 1, negative energy
resistance 3, torment resistance, unbreathing
a: Potion Petition, Call Merchant, Bribe Branch, Renounce Religion


You were on level 8 of the Dungeon.
You worshipped Gozag.
Gozag was pleased with you.
You were not hungry.

You visited 2 branches of the dungeon, and saw 10 of its levels.
You also visited: Sewer.

You collected 1022 gold pieces.
You paid 113 gold pieces to Gozag.

Inventory:

Hand Weapons
 a - a +0 dagger of draining (weapon)
 b - a +0 trident
Missiles
 d - 6 needles of paralysis
 f - 229 stones (quivered)
 t - 152 sling bullets
 D - 44 arrows
Armour
 h - a +0 pair of gloves (worn)
 l - a +0 pair of boots
 v - a +0 shield
 y - a +1 helmet (worn)
 A - a +1 leather armour of poison resistance
 B - a +0 ring mail (worn)
 C - a +2 pair of boots (worn)
Jewellery
 k - a ring of wizardry (left hand)
 o - a +6 ring of intelligence
 H - a ring of see invisible (right hand)
 I - an uncursed ring of poison resistance {unknown}
Wands
 j - a wand of enslavement (8)
 q - a wand of polymorph (9)
 z - a wand of iceblast (2)
 E - a wand of random effects (16)
 F - a wand of digging (4)
Scrolls
 c - a scroll of amnesia {unknown}
 e - 2 scrolls of fog {unknown}
 g - a scroll of random uselessness {unknown}
 i - 4 scrolls of teleportation {unknown}
 m - 3 scrolls of remove curse
 n - 2 scrolls of enchant weapon {unknown}
 p - 2 scrolls of fear {unknown}
 r - 6 scrolls of identify
 s - 3 scrolls of magic mapping
 u - a scroll of noise {unknown}
 w - 2 scrolls of blinking {unknown}
 x - 2 scrolls of enchant armour {unknown}
 G - a scroll of immolation {unknown}
 J - a scroll of torment {unknown}


   Skills:
 + Level 4.4 Fighting
 - Level 1.5 Dodging
 - Level 1.7 Stealth
 + Level 3.8 Shields
 + Level 6.9 Spellcasting
 - Level 3.0 Conjurations
 - Level 4.0 Summonings
 - Level 2.1 Translocations
 - Level 2.1 Fire Magic
 * Level 2.9 Ice Magic
 - Level 2.0 Air Magic


You had 6 spell levels left.
You knew the following spells:

 Your Spells              Type           Power        Failure   Level  Hunger
a - Magic Dart            Conj           ###.         2%          1    N/A
b - Call Imp              Summ           ###.....     2%          2    N/A
c - Mephitic Cloud        Conj/Pois/Air  ##......     14%         3    N/A
d - Blink                 Tloc           N/A          6%          2    N/A
e - Conjure Flame         Conj/Fire      ###.....     10%         3    N/A
f - Summon Ice Beast      Ice/Summ       ###.....     22%         4    N/A

Your spell library contained the following spells:

 Spells                   Type           Power        Failure   Level  Hunger
 Freeze                   Ice            ###.         2%          1    N/A
 Throw Frost              Conj/Ice       ###...       4%          2    N/A
 Slow                     Hex            #.......     14%         2    N/A
 Sticks to Snakes         Tmut           #.......     14%         2    N/A
 Ozocubu's Armour         Chrm/Ice       ##......     16%         3    N/A
 Throw Icicle             Conj/Ice       ###.....     26%         4    N/A
 Beastly Appendage        Tmut           Unusable     N/A         1    N/A
 Spider Form              Tmut/Pois      Unusable     N/A         3    N/A
 Ice Form                 Ice/Tmut       Unusable     N/A         4    N/A
 Blade Hands              Tmut           Unusable     N/A         5    N/A

Dungeon Overview and Level Annotations

Branches:
Dungeon (9/15)             Temple (1/1) D:4
   Lair: D:8-11         Orc: D:9-12

Altars:
Ashenzari
Dithmenos
Elyvilon
Gozag
Kikubaaqudgha
Makhleb
Nemelex Xobeh
Okawaru
Qazlal
Ru
Sif Muna
Trog
Uskayaw
Vehumet
Wu Jian
Xom
Yredelemnul
Zin
The Shining One

Annotations:
D:3 Grinder, Jessica
D:8 Harold


Innate Abilities, Weirdness & Mutations

You do not eat or drink.
Your flesh is vulnerable to fire.
You are immune to poison.
Your flesh is cold resistant. (rC+)
You are immune to negative energy. (rN+++)
You are immune to unholy pain and torment.
You can survive without breathing.


Message History

Harold gestures at you while chanting. The harpoon shot misses you.
Harold points at you and mumbles some strange words.
A sentinel's mark forms upon you.
Your crimson imp hits Harold but does no damage.
Harold hits your crimson imp with a +0 scimitar!
Your crimson imp dies!
Harold seems less drained.
Harold casts a spell at you. The harpoon shot hits you!
* * * LOW HITPOINT WARNING * * *
You are yanked forward by the harpoon shot.
Harold casts a spell at you. The harpoon shot hits you!
* * * LOW HITPOINT WARNING * * *
You are yanked forward by the harpoon shot.
Harold casts a spell at you. The harpoon shot hits you!
You die...
Your body crumbles into a pile of gold.

...............).<..........##
....##...................)...#
.5........5.................##
............##............##..
...........####...........#...
.#....####..###..............
##.....# #..............%####
.......# #..##...........#
......## #.####.@........#
##.....# #..#............#
#..#..# #.##...@###.....##..
...##...##........@.$........
...##.....#..................
(..................#.....%##.
.........................##
.........................#
.##......................#


You could see Harold.

Vanquished Creatures
  Eustachio (D:4)
  4 sky beasts
  3 ogres
  A centaur (D:5)
  4 killer bees
  2 howler monkeys (D:7)
  2 crimson imps
  3 orc priests
  4 hounds
  A bullfrog skeleton (D:5)
  3 worker ants
  A hound skeleton (D:5)
  4 adders
  8 gnolls
  4 shadow imps
  2 oozes
  An adder zombie (D:5)
  2 worms (D:2)
  2 dart slugs
  8 leopard geckos
  16 orcs
  5 bats
  2 giant cockroaches
  15 goblins
  12 hobgoblins
  3 jackals
  3 quokkas
  A ball python (D:5)
  5 frilled lizards
  3 kobolds
  A leopard gecko zombie (D:6)
  6 rats
132 creatures vanquished.

Vanquished Creatures (collateral kills)
  A spriggan (D:7)
  A basilisk (D:9)
  Purgy (Sewer)
  An ogre (D:8)
  2 crimson imps
  An orc wizard (D:4)
  2 iguanas (D:8)
  A hound zombie (D:8)
  Robin (D:2)
  2 adders
  An adder skeleton (D:8)
  2 worms
  A dart slug (D:1)
  3 leopard geckos
  4 orcs
  2 giant cockroaches
  2 hobgoblins (D:3)
  4 kobolds
32 creatures vanquished.

Vanquished Creatures (others)
  2 plants (D:9)
2 creatures vanquished.

Grand Total: 166 creatures vanquished

Notes
Turn   | Place    | Note
-------+----------+-------------------------------------------
     0 | D:1      | Clehvi the Mummy Wizard began the quest for the Orb.
     0 | D:1      | Reached XP level 1. HP: 13/13 MP: 5/5
   224 | D:1      | Reached skill level 1 in Conjurations
   263 | D:1      | Reached XP level 2. HP: 7/20 MP: 0/7
   267 | D:1      | Learned a level 2 spell: Call Imp
   270 | D:1      | Learned a level 2 spell: Blink
   586 | D:1      | Reached skill level 1 in Summonings
  1299 | D:1      | Reached skill level 1 in Translocations
  1675 | D:2      | Reached XP level 3. HP: 25/25 MP: 4/8
  1712 | D:1      | Learned a level 3 spell: Mephitic Cloud
  1952 | D:2      | Reached skill level 1 in Fighting
  2273 | D:2      | Noticed Robin
  2377 | D:2      | Killed Robin
  2980 | D:2      | Reached XP level 4. HP: 21/32 MP: 0/10
  2990 | D:2      | Found a shimmering altar of Xom.
  3342 | D:3      | Found an ancient bone altar of Kikubaaqudgha.
  3352 | D:3      | Noticed Jessica
  3352 | D:3      | Noticed Grinder
  3424 | D:3      | Found a glowing drain.
  3440 | Sewer    | Entered a sewer
  3705 | Sewer    | Noticed Purgy
  3713 | Sewer    | Learned a level 3 spell: Conjure Flame
  3720 | Sewer    | Killed Purgy
  3720 | Sewer    | Reached XP level 5. HP: 35/37 MP: 2/12
  4285 | D:4      | Found a burning altar of Makhleb.
  4391 | D:5      | Entered Level 5 of the Dungeon
  4722 | D:5      | Noticed an ogre
  4760 | D:4      | Noticed Eustachio
  5102 | D:5      | Noticed a centaur
  5205 | D:4      | Reached skill level 1 in Fire Magic
  5329 | D:4      | Reached XP level 6. HP: 42/44 MP: 5/13
  5513 | D:4      | Reached skill level 1 in Air Magic
  5826 | D:4      | Reached skill level 5 in Spellcasting
  6212 | D:4      | Killed Eustachio
  6212 | D:4      | Reached skill level 1 in Shields
  6889 | D:4      | Found a staircase to the Ecumenical Temple.
  6898 | Temple   | Entered the Ecumenical Temple
  6938 | Temple   | Became a worshipper of Gozag Ym Sagoz the Greedy
  7255 | D:4      | Reached XP level 7. HP: 51/51 MP: 0/15
  8229 | D:5      | Reached skill level 6 in Spellcasting
  9429 | D:6      | Reached XP level 8. HP: 58/58 MP: 9/17
 10047 | D:2      | Found an iron altar of Okawaru.
 10080 | D:2      | Learned a level 4 spell: Summon Ice Beast
 10860 | D:7      | Reached skill level 1 in Ice Magic
 11071 | D:7      | Got a jewelled buckler
 11137 | D:7      | Identified the +3 buckler of the Neverending Dances {MP-9
                  | Str+8} (You found it on level 7 of the Dungeon)
 11557 | D:8      | Noticed Harold
 13016 | D:9      | Noticed a two-headed ogre
 13235 | D:7      | Reached XP level 9. HP: 64/65 MP: 6/19
 13599 | D:8      | HP: 3/66 [Harold/harpoon shot (10)]
 13600 | D:8      | Killed from afar by Harold

Skill      XL: |  1  2  3  4  5  6  7  8  9 |
---------------+----------------------------+-----
Conjurations   | 1 2 3 |  3.0
Summonings     | 1 2 3 4 |  4.0
Translocations | 1 2 |  2.1
Fighting       | 1 2 3 4 |  4.4
Fire Magic     | 1 2 |  2.1
Air Magic      | 2 |  2.0
Spellcasting   | 5 6 |  6.9
Shields        | 1 2 3 |  3.8
Ice Magic      | 2 |  2.9
Dodging        | |  1.5
Stealth        | |  1.7

Action                   |  1- 3 |  4- 6 |  7- 9 || total
-------------------------+-------+-------+-------++-------
Melee: Unarmed           |     8 |       |       ||     8
       Dagger            |    17 |    48 |   100 ||   165
Throw: Stone             |       |    14 |     3 ||    17
 Cast: Magic Dart        |   129 |   152 |   306 ||   587
       Call Imp          |     9 |    30 |    53 ||    92
       Mephitic Cloud    |     1 |     7 |    17 ||    25
       Conjure Flame     |       |    12 |    14 ||    26
       Blink             |       |       |     2 ||     2
  Use: Scroll            |       |       |     3 ||     3
 Stab: Distracted        |       |     2 |       ||     2
       Confused          |       |       |     4 ||     4
Armor: Leather armour    |    16 |    15 |    11 ||    42
       Robe              |     1 |       |       ||     1
       Ring mail         |       |       |   112 ||   112
Dodge: Dodged            |    40 |    63 |   138 ||   241
